Map: Rhoskallian LE

Players

Juraj

  • Race: Zerg Zerg
  • Spawn Location: 5:00

Kyblik

  • Race: Terran Terran
  • Spawn Location: 6:00

Massa - Winner!

  • Race: Terran Terran
  • League: Platinum
  • Spawn Location: 12:00

qqq - Winner!

  • Race: Zerg Zerg
  • Spawn Location: 11:00

VOD

Have the link to the VOD?

Description

Time

  • Played on: March 10, 2021, 4:07 p.m.
  • Length: 8:57
Show
View Real Time Build Order
Export as new Build Order

Juraj Zerg 

Build Orders: Hatch First 

Get SALT Encoding   

  12  0:00  Drone  
  13  0:08  Drone  
  14  0:17  Overlord  
  14  0:25  Extractor  
  14  0:44  Hatchery  
  14  0:48  Drone  
  14  0:51  Drone  
  14  0:54  Extractor  
  14  0:58  Drone  
  14  1:02  Drone  
  16  1:10  Drone  
  17  1:23  Spawning Pool  
  16  1:27  Drone  
  16  1:32  Drone  
  18  1:42  Drone  
  19  1:53  Drone  
  20  1:57  Drone  
  21  2:10  Metabolic Boost  
  21  2:14  Queen x2  
  25  2:24  Drone, Baneling Nest  
  25  2:25  Zergling x2  
  25  2:29  Drone  
  27  2:35  Drone  
  28  2:46  Overlord  
  28  3:05  Drone x3, Overlord  
  31  3:12  Hatchery  
  30  3:24  Queen  
  30  3:25  Zergling x6  
  35  3:32  Zergling x4  
  37  3:44  Lair  
  37  3:51  Zergling x10  
  37  3:52  Zergling x2  
  42  3:57  Zergling x2  
  43  4:07  Overlord x2  
  43  4:17  Zergling x2  
  44  4:18  Baneling x3  
  44  4:19  Baneling  
  43  4:29  Zergling x4  
  43  4:35  Zergling x4  
  43  4:37  Zergling x2  
  40  4:41  Zergling x2  
  40  4:42  Zergling x2  
  40  4:43  Zergling x4  
  41  4:53  Zergling x4  
  41  4:54  Zergling x4  
  41  4:59  Baneling  
  45  5:00  Zergling x4  
  45  5:03  Zergling x2  
  45  5:06  Centrifical Hooks  
  48  5:10  Zergling x4  
  49  5:26  Zergling x2  
  49  5:27  Zergling x18  
  59  5:45  Zergling x6  
  59  5:47  Zergling x4  
  59  5:48  Zergling x2  
  65  5:50  Baneling x2  
  65  5:51  Baneling x3  
  65  5:52  Baneling  
  65  5:53  Baneling  
  65  5:54  Baneling  
  58  6:04  Zergling x2  
  58  6:05  Zergling x6  
  58  6:06  Zergling x2  
  63  6:12  Zergling x2  
  63  6:13  Zergling x2  
  59  6:31  Zergling x8  
  59  6:32  Zergling x8  
  46  6:36  Zergling x4  
  48  6:46  Zergling x8  
  45  7:03  Zergling x14  
  45  7:06  Zergling x2  
  53  7:12  Baneling x2  
  53  7:17  Zergling x2  
  53  7:18  Zergling x6  
  49  7:24  Zergling x4  
  47  7:30  Zergling x4  
  47  7:35  Zergling x4  
  45  7:44  Zergling x6  
  48  7:53  Zergling x2  
  48  7:54  Zergling x2  
  48  7:56  Baneling x4  
  48  7:57  Baneling x4  
  50  7:58  Baneling  
  50  8:08  Queen  
  50  8:10  Zergling x2  
  37  8:34  Baneling x3  
  37  8:38  Zergling x8  
  37  8:39  Zergling x10  
Show
View Real Time Build Order
Export as new Build Order

Kyblik Terran 

Build Orders:  

Get SALT Encoding   

  12  0:00  SCV  
  13  0:13  SCV  
  14  0:19  Supply Depot  
  14  0:25  SCV  
  15  0:41  SCV  
  16  0:49  Barracks  
  16  0:53  SCV  
  17  0:58  Refinery  
  17  1:05  SCV  
  18  1:17  SCV  
  19  1:29  SCV  
  20  1:37  Barracks  
  20  1:38  Barracks Tech Lab  
  20  1:40  Barracks  
  20  1:48  Supply Depot  
  20  1:49  Orbital Command  
  20  2:05  Marine  
  21  2:13  Stimpack  
  21  2:14  SCV  
  22  2:24  Marauder  
  22  2:28  Barracks Tech Lab  
  24  2:34  Marine  
  25  2:37  Barracks  
  25  2:39  SCV  
  25  2:42  Supply Depot  
  26  2:47  Marauder  
  28  2:52  SCV  
  28  2:58  Marauder  
  31  3:04  Marine  
  32  3:08  Marauder  
  34  3:17  Supply Depot  
  34  3:19  Marine  
  35  3:28  Marine, Concussive Shells  
  35  3:29  Marine  
  35  3:30  Marauder  
  39  3:38  Marine  
  40  3:41  Supply Depot  
  40  3:46  Marine, Supply Depot  
  41  3:49  Marine  
  41  3:51  Marine  
  43  4:01  SCV  
  44  4:04  Marine  
  44  4:06  Marine  
  44  4:07  Marine  
  44  4:09  Marauder  
  47  4:22  Marine  
  48  4:24  Marine  
  48  4:25  Marauder  
  48  4:30  Marine  
  50  4:38  Combat Shield  
  49  4:40  Marine  
  49  4:42  Marine  
  50  4:46  Marauder  
  50  4:48  Marauder  
  54  4:57  Marine  
  54  4:59  Refinery  
  55  5:00  Marine  
  55  5:03  Supply Depot  
  56  5:07  Marine  
  56  5:10  Marauder  
  56  5:11  Supply Depot  
  59  5:14  Supply Depot  
  59  5:15  Marine  
  59  5:19  Marine  
  61  5:24  SCV  
  61  5:25  Marauder  
  64  5:30  Marine  
  64  5:33  Marine  
  66  5:36  Marine  
  67  5:46  Factory  
  67  5:47  Marauder  
  67  5:48  Marine  
  70  5:51  Marine  
  70  5:54  Marine  
  72  5:59  Engineering Bay  
  72  6:06  Marine  
  72  6:08  Marine  
  72  6:09  Marine  
  75  6:12  Marine  
  76  6:24  Marauder  
  78  6:25  Marine  
  78  6:26  Marine  
  78  6:27  Supply Depot  
  78  6:30  Marine, Terran Infantry Weapons Level 1  
  50  6:44  Marauder, Marine  
  50  6:45  Marine  
  53  6:48  Marine  
  54  6:58  Starport  
  45  7:02  Marine  
  45  7:04  Marauder  
  45  7:05  Marine  
  45  7:06  Marine  
  44  7:20  Marine  
  45  7:22  Marine  
  45  7:24  Marine x2  
  44  7:38  Marine  
  44  7:40  Marine  
  44  7:42  Marine x2  
  45  7:56  Marine  
  45  7:58  Marine  
  45  8:00  Medivac  
  45  8:01  Marauder  
  50  8:15  Marine  
  50  8:16  Marauder  
  48  8:28  Marine  
  48  8:29  Marauder  
  48  8:33  Marine  
Show
View Real Time Build Order
Export as new Build Order

Massa Terran - Winner!

Build Orders: 2 Factory, Gas First Reaper Expand 

Get SALT Encoding   

  12  0:00  SCV  
  13  0:12  SCV  
  14  0:17  Refinery  
  14  0:25  Supply Depot  
  14  0:29  SCV  
  15  0:46  SCV  
  16  0:50  Barracks  
  16  0:58  SCV  
  17  1:11  SCV  
  18  1:23  SCV  
  19  1:38  Orbital Command  
  19  1:47  Command Center  
  19  1:48  Reaper  
  20  2:01  Factory  
  20  2:04  SCV  
  21  2:12  Supply Depot  
  21  2:16  SCV  
  23  2:23  Barracks Tech Lab  
  22  2:30  SCV  
  22  2:36  Refinery  
  23  2:38  Supply Depot  
  23  2:49  Factory  
  23  2:51  Barracks Tech Lab  
  23  2:54  SCV  
  24  3:01  Refinery  
  24  3:06  Cyclone  
  24  3:07  SCV  
  24  3:10  Marine  
  29  3:16  Orbital Command  
  29  3:23  SCV  
  30  3:35  SCV  
  31  3:43  Cyclone  
  34  3:51  Marine  
  34  3:52  Siege Tank  
  38  4:04  Bunker  
  38  4:09  Marine  
  39  4:15  Cyclone  
  39  4:27  Marine  
  40  4:42  Siege Tank  
  40  4:45  Marine  
  41  4:46  SCV  
  41  4:47  SCV  
  43  4:55  Starport  
  43  4:59  SCV x2  
  45  5:02  Marine  
  46  5:20  Marine, Siege Tank  
  52  5:21  Widow Mine  
  52  5:25  SCV x2  
  54  5:37  SCV  
  54  5:44  Supply Depot  
  54  5:47  Supply Depot x3  
  54  5:53  Engineering Bay  
  54  6:02  Barracks  
  54  6:03  Barracks  
  54  6:04  Barracks  
  54  6:05  Marine, Medivac  
  54  6:06  SCV x2  
  54  6:07  Siege Tank  
  54  6:09  Siege Tank  
  65  6:18  Refinery, SCV x2  
  67  6:23  Marine  
  67  6:24  Missile Turret  
  68  6:28  Missile Turret  
  68  6:30  SCV  
  60  6:35  Medivac  
  59  6:53  Siege Tank  
  59  6:54  Siege Tank  
  65  6:57  Marine  
  56  7:02  Marine  
  56  7:03  Marine x2  
  59  7:15  Marine  
  58  7:20  Marine x3  
  61  7:25  Siege Tank  
  61  7:26  Siege Tank  
  61  7:29  Starport Tech Lab  
  67  7:33  Marine  
  67  7:38  Marine  
  65  8:00  Siege Tank  
  65  8:01  Factory Reactor  
  68  8:06  SCV x2  
  68  8:10  Medivac  
  72  8:17  Barracks Tech Lab x2  
  72  8:18  Barracks Reactor, SCV x2  
  72  8:19  Barracks Reactor  
  71  8:30  SCV x2  
  78  8:42  SCV x2  
Show
View Real Time Build Order
Export as new Build Order

qqq Zerg - Winner!

Build Orders: Hatch First 

Get SALT Encoding   

  12  0:01  Drone  
  13  0:14  Drone  
  14  0:18  Overlord  
  14  0:50  Hatchery  
  14  0:54  Drone  
  14  0:55  Drone  
  15  0:58  Drone  
  16  1:14  Extractor  
  15  1:25  Drone x2  
  17  1:30  Spawning Pool  
  16  1:42  Drone x2  
  18  1:58  Drone  
  19  2:09  Extractor  
  19  2:11  Drone  
  19  2:12  Drone, Overlord  
  19  2:13  Drone  
  21  2:18  Queen  
  23  2:27  Queen  
  26  2:30  Extractor  
  26  2:35  Metabolic Boost  
  26  2:44  Drone  
  26  2:45  Overlord  
  26  2:48  Drone  
  26  2:49  Extractor  
  27  2:52  Drone  
  27  2:55  Drone  
  29  3:02  Drone, Zergling x2  
  31  3:08  Baneling Nest  
  31  3:11  Drone  
  31  3:17  Drone, Evolution Chamber  
  31  3:22  Zergling x2  
  31  3:23  Zergling x2  
  34  3:27  Zergling x2  
  34  3:31  Zergling x2  
  35  3:35  Zergling x2  
  36  3:43  Zerg Melee Weapons Level 1  
  36  3:44  Zergling x2  
  36  3:45  Zergling x2  
  36  3:48  Drone, Zergling x2  
  40  3:49  Zergling x2  
  40  3:51  Zergling x2  
  40  3:53  Baneling x2  
  40  3:54  Baneling  
  42  3:59  Zergling x4  
  44  4:04  Overlord  
  43  4:18  Overlord x2  
  43  4:19  Overlord  
  42  4:38  Zergling x12  
  37  4:39  Zergling x4  
  41  4:45  Drone  
  41  4:47  Lair  
  41  4:50  Drone, Zergling x2  
  43  4:53  Drone  
  44  5:00  Drone, Zergling x2  
  44  5:03  Baneling x5  
  46  5:07  Extractor  
  46  5:10  Zergling x4  
  47  5:19  Baneling x2  
  47  5:20  Zergling x2  
  49  5:21  Zergling x2  
  49  5:22  Overlord  
  49  5:23  Drone  
  50  5:32  Drone  
  50  5:33  Zergling x4  
  53  5:35  Zergling x2  
  53  5:36  Drone  
  48  6:06  Baneling x4  
  48  6:11  Hydralisk Den  
  48  6:13  Zergling x12  
  48  6:14  Drone, Zergling x2  
  48  6:16  Baneling x2  
  55  6:18  Extractor  
  55  6:22  Drone  
  55  6:30  Zergling x6  
  49  6:33  Zergling x2  
  49  6:34  Zergling x2  
  42  6:47  Zergling x6  
  42  6:48  Drone x2, Zergling x4  
  49  6:58  Lurker Den, Zergling x4  
  49  7:03  Zergling x2  
  50  7:20  Zergling x10  
  51  7:26  Zergling x8  
  51  7:31  Zergling x2  
  52  7:40  Extractor  
  47  7:44  Baneling  
  47  7:45  Baneling x3  
  47  7:47  Drone x2  
  47  7:49  Hydralisk x2  
  53  7:53  Zergling x4  
  55  7:58  Hatchery  
  55  8:00  Baneling x2  
  55  8:01  Baneling  
  54  8:14  Drone x5  
  54  8:15  Drone  
  54  8:16  Hydralisk  
  62  8:21  Lurker  
  52  8:37  Zergling x4  
  52  8:38  Infestation Pit  
  52  8:39  Zergling x2  
  52  8:40  Drone, Zergling x4  
  52  8:41  Drone  
Tags
 
Add a new tag
Caveats
  • Supply blocks, unpowered buildings, or Contaminate may cause inaccurate times.
  • Supply counts are checked every 10 seconds.